Map: Rhoskallian EE

Players

MasterRolo

  • Race: Protoss Protoss
  • League: Platinum
  • Spawn Location: 12:00

JetToro

  • Race: Terran Terran
  • Spawn Location: 11:00

MrFercho - Winner!

  • Race: Zerg Zerg
  • League: Gold
  • Spawn Location: 5:00

TATORREA - Winner!

  • Race: Protoss Protoss
  • League: Gold
  • Spawn Location: 6:00

VOD

Have the link to the VOD?

Description

Time

  • Played on: Aug. 6, 2020, 9:11 p.m.
  • Length: 17:01
Show
View Real Time Build Order
Export as new Build Order

MasterRolo Protoss 

Build Orders: Oracle Opening, Carriers 

Get SALT Encoding   

  12  0:01  Probe  
  13  0:13  Probe  
  14  0:21  Pylon  
  14  0:28  Probe  
  14  0:34  Assimilator  
  15  0:41  Probe  
  16  0:48  Gateway  
  16  0:53  Probe  
  17  1:04  Assimilator  
  17  1:05  Probe (Chrono Boost)  
  18  1:16  Probe (Chrono Boost)  
  20  1:32  Probe  
  20  1:44  Probe  
  21  1:52  Pylon  
  21  2:00  Forge  
  21  2:14  Cybernetics Core  
  21  2:20  Probe  
  21  2:27  Pylon  
  21  2:32  Probe (Chrono Boost)  
  22  2:41  Probe (Chrono Boost)  
  23  2:46  Probe (Chrono Boost)  
  24  2:56  Cybernetics Core  
  24  3:06  Stargate  
  24  3:07  Stargate  
  24  3:11  Probe  
  25  3:27  Nexus  
  25  3:31  Probe  
  26  3:43  Probe  
  30  3:58  Oracle (Chrono Boost)  
  30  3:59  Pylon  
  30  4:07  Photon Cannon  
  30  4:12  Probe  
  30  4:14  Oracle (Chrono Boost)  
  34  4:26  Probe  
  38  4:32  Oracle (Chrono Boost)  
  38  4:34  Pylon  
  38  4:40  Assimilator  
  38  4:53  Phoenix  
  38  4:56  Shield Battery  
  38  4:58  Probe  
  41  5:05  Photon Cannon  
  41  5:10  Probe  
  42  5:46  Void Ray  
  42  5:47  Void Ray  
  50  5:59  Fleet Beacon  
  50  6:06  Assimilator  
  50  6:41  Pylon  
  50  6:43  Carrier  
  50  6:44  Pylon  
  56  6:56  Shield Battery  
  57  7:22  Probe (Chrono Boost)  
  57  7:28  Carrier  
  71  7:30  Mothership (Chrono Boost)  
  71  7:32  Probe (Chrono Boost), Pylon  
  72  7:38  Protoss Shields Level 1  
  72  7:39  Probe (Chrono Boost)  
  73  7:50  Protoss Air Weapons Level 1  
  74  7:54  Probe (Chrono Boost)  
  74  7:56  Stargate  
  74  8:01  Probe  
  74  8:05  Void Ray  
  79  8:13  Probe  
  80  8:32  Carrier  
  86  9:30  Pylon  
  86  9:32  Pylon  
  86  9:34  Pylon  
  86  9:47  Void Ray, Nexus  
  86  9:49  Pylon  
  86  9:51  Pylon  
  90  10:05  Assimilator  
  90  10:10  Assimilator  
  90  10:13  Void Ray, Pylon  
  94  10:23  Twilight Council  
  94  10:27  Robotics Facility  
  94  10:30  Tempest  
  94  10:33  Protoss Air Weapons Level 2  
  99  10:40  Photon Cannon  
  99  10:44  Shield Battery  
  55  12:08  Mothership (Chrono Boost)  
  63  12:16  Carrier x3  
  81  12:23  Observer  
  81  12:26  Stargate  
  81  12:28  Stargate  
  82  12:46  Pylon  
  82  12:48  Pylon  
  82  13:07  Flux Vanes  
  82  13:11  Protoss Shields Level 2  
  82  13:26  Probe, Shield Battery  
  83  13:27  Shield Battery  
  83  13:31  Protoss Air Weapons Level 3  
  83  13:38  Probe  
  84  14:30  Assimilator  
  84  14:32  Void Ray  
  84  14:33  Tempest  
  84  14:34  Carrier x2  
  95  15:53  Void Ray, Tempest  
  95  15:54  Carrier  
Show
View Real Time Build Order
Export as new Build Order

JetToro Terran 

Build Orders: Liberator Opening 

Get SALT Encoding   

  12  0:14  Supply Depot  
  12  0:23  SCV  
  12  0:28  Refinery  
  13  0:38  Barracks  
  13  0:52  SCV  
  14  1:05  SCV  
  15  1:19  SCV  
  16  1:27  Barracks Reactor  
  16  1:31  Supply Depot  
  16  1:36  Orbital Command  
  16  1:55  Factory  
  16  2:03  SCV  
  16  2:04  Marine x2  
  19  2:16  SCV  
  20  2:25  Marine x2  
  22  2:39  Factory Tech Lab  
  22  2:44  Starport  
  22  2:49  Supply Depot  
  22  2:51  Supply Depot  
  22  2:52  Refinery  
  22  2:53  SCV  
  22  2:54  Marine  
  22  2:55  Marine  
  26  3:05  SCV  
  26  3:16  Supply Depot  
  26  3:18  Supply Depot  
  26  3:20  SCV  
  26  3:21  Marine x2  
  26  3:27  Siege Tank  
  32  3:43  Liberator  
  32  3:44  Marine  
  32  3:46  Marine  
  37  3:50  SCV  
  38  4:03  Supply Depot  
  38  4:05  Marine  
  38  4:08  Supply Depot  
  39  4:11  SCV  
  40  4:22  Siege Tank  
  43  4:43  SCV  
  43  4:44  Marine x2  
  46  4:54  Siege Tank  
  49  5:43  Marine  
  49  5:44  Marine  
  49  5:45  Siege Tank  
  49  5:48  Starport Tech Lab  
  54  5:56  SCV  
  55  6:03  Barracks  
  55  6:04  Marine, Barracks  
  55  6:05  Marine  
  57  6:12  Medivac  
  57  6:15  Command Center  
  59  6:53  Engineering Bay  
  59  6:58  Marine x2  
  59  7:00  Barracks Tech Lab x2  
  61  7:03  Engineering Bay, Siege Tank  
  61  7:04  Medivac  
  66  7:33  Supply Depot  
  66  7:35  Supply Depot  
  66  7:39  Missile Turret  
  66  7:40  Missile Turret  
  66  7:49  Orbital Command  
  66  7:57  Refinery  
  66  8:00  Missile Turret  
  66  8:04  SCV  
  67  8:11  Marine  
  67  8:12  Marine x2  
  70  8:19  Marine  
  71  8:23  Medivac, Refinery  
  71  8:26  Siege Tank  
  76  8:35  Supply Depot  
  76  8:39  Supply Depot  
  76  8:46  SCV x2  
  76  8:47  Marine  
  76  8:48  Marine x2  
  81  8:50  Marine  
  82  8:59  Medivac, Siege Tank  
  87  9:06  Supply Depot  
  87  9:09  Supply Depot  
  87  9:12  Terran Infantry Armor Level 1  
  87  9:15  Terran Infantry Weapons Level 1  
  87  9:19  SCV  
  87  9:20  SCV  
  89  9:44  Marine x4  
  93  9:49  Siege Tank  
  93  9:51  Medivac  
  98  9:57  SCV x2  
  100  10:03  Marine x4  
  104  10:22  Starport  
  104  10:23  Starport  
  104  10:40  Armory, Fusion Core  
  104  10:42  Armory  
  104  10:54  Marine x4  
  104  10:56  SCV x2  
  110  10:58  Siege Tank  
  110  11:01  Starport Tech Lab x2  
  113  11:11  SCV x2  
  71  12:03  Marine x3  
  71  12:04  Marine  
  71  12:07  Siege Tank  
  78  12:09  Battlecruiser x2  
  90  12:21  Terran Ship Weapons Level 1, Terran Vehicle And Ship Armor Level 1, Marine x4  
  94  12:23  Terran Infantry Armor Level 2  
  94  12:59  Marine x4  
  98  13:07  Battlecruiser  
  104  13:17  Marine x4  
  108  13:25  Supply Depot  
  108  13:26  Supply Depot  
  108  13:35  SCV x2  
  110  13:50  Battlecruiser  
  116  14:03  Command Center  
  104  14:33  Battlecruiser  
  104  14:34  Battlecruiser  
  104  14:35  SCV x2  
  118  15:09  Marine x2  
  118  15:10  Marine x2  
  104  16:08  Marine x2  
  104  16:09  Marine x2  
  96  16:26  Marine x3  
  96  16:27  Marine  
Show
View Real Time Build Order
Export as new Build Order

MrFercho Zerg - Winner!

Build Orders: Hatch First, Brood Lord Corruptor 

Get SALT Encoding   

  12  0:00  Drone  
  13  0:17  Overlord  
  13  0:18  Drone  
  14  0:35  Drone x2  
  16  0:57  Drone  
  17  0:58  Hatchery  
  17  0:59  Drone  
  17  1:02  Drone  
  18  1:13  Extractor  
  17  1:20  Spawning Pool  
  17  1:22  Drone  
  17  1:26  Drone  
  17  1:32  Drone  
  19  1:43  Drone  
  20  1:54  Overlord  
  20  2:11  Drone  
  20  2:12  Zergling x2, Queen  
  20  2:13  Queen  
  26  2:24  Zergling x2  
  26  2:27  Drone x2  
  29  2:39  Drone x2  
  31  3:04  Drone  
  31  3:05  Drone x3  
  35  3:10  Overlord x2  
  35  3:26  Roach Warren  
  34  3:27  Lair  
  34  3:38  Drone x5  
  34  3:39  Drone x2  
  41  3:41  Extractor  
  41  3:43  Extractor  
  41  3:46  Overlord  
  39  3:53  Drone x3  
  39  3:54  Drone x2  
  44  3:57  Queen  
  46  4:04  Drone  
  46  4:06  Drone  
  46  4:07  Drone  
  49  4:10  Roach x2  
  49  4:11  Roach x3  
  59  4:33  Pneumatized Carapace  
  59  4:55  Spore Crawler x2  
  59  4:58  Spore Crawler, Drone x3  
  59  5:07  Spore Crawler  
  59  5:08  Glial Reconstitution  
  59  5:13  Hydralisk Den, Drone x2  
  59  5:15  Drone  
  58  5:49  Overseer  
  58  5:51  Muscular Augments  
  58  5:59  Hatchery  
  58  6:00  Roach  
  58  6:02  Overlord x3  
  58  6:03  Overlord  
  59  6:19  Overlord x3, Drone  
  60  6:28  Drone x2  
  62  6:34  Hatchery, Drone  
  62  6:35  Drone, Extractor  
  62  6:41  Evolution Chamber, Drone x2  
  62  6:42  Evolution Chamber  
  62  6:55  Hydralisk x7  
  76  7:02  Overlord, Grooved Spines  
  76  7:32  Burrow  
  76  7:39  Drone x10  
  76  7:43  Hydralisk  
  76  7:44  Hydralisk x3  
  94  7:55  Hydralisk  
  94  7:56  Hydralisk x2  
  94  7:58  Hatchery, Queen  
  101  8:08  Drone x3  
  104  8:14  Infestation Pit  
  104  8:17  Drone x2  
  104  8:18  Spire  
  104  8:21  Drone  
  104  8:22  Drone x2  
  104  8:24  Extractor  
  104  8:26  Extractor  
  105  8:41  Hydralisk  
  105  8:42  Hydralisk x10  
  127  9:02  Overlord x4  
  127  9:14  Drone x3  
  127  9:16  Drone x3  
  133  9:17  Drone  
  133  9:20  Overlord  
  133  9:21  Overlord  
  134  9:33  Hive  
  134  9:34  Zerg Flyer Weapons Level 1  
  134  9:35  Zerg Missile Weapons Level 1  
  134  9:36  Zerg Ground Armor Level 1  
  134  9:40  Hydralisk  
  134  9:41  Hydralisk x5  
  134  9:42  Overlord x2  
  146  9:48  Drone  
  147  9:55  Drone x4  
  150  10:18  Corruptor x6  
  162  10:28  Spore Crawler  
  161  10:32  Spine Crawler  
  161  10:33  Spine Crawler, Drone x3  
  161  10:34  Drone  
  163  10:35  Spine Crawler  
  162  10:45  Hydralisk  
  162  10:46  Hydralisk x8  
  156  11:29  Hydralisk x14  
  138  11:44  Hydralisk x5  
  124  12:00  Zerg Missile Weapons Level 2  
  124  12:08  Drone  
  124  12:09  Drone x12  
  137  12:23  Queen  
  139  12:39  Extractor  
  139  12:40  Extractor  
  137  12:50  Greater Spire  
  137  13:09  Corruptor  
  137  13:10  Corruptor x10  
  159  13:23  Extractor  
  159  13:24  Hatchery  
  159  13:26  Extractor  
  156  13:41  Corruptor x5  
  166  13:53  Hatchery  
  166  13:55  Overseer  
  165  13:56  Overseer  
  165  13:57  Overlord x2  
  165  13:58  Overlord x3  
  165  13:59  Overlord x3  
  145  14:32  Brood Lord x5  
  145  14:33  Brood Lord  
  157  14:48  Drone x3  
  157  14:49  Drone x3  
  163  14:54  Drone x7  
  163  14:55  Drone x5  
  163  14:56  Drone x4  
  163  14:57  Drone x2  
  181  15:24  Corruptor x7  
  153  16:01  Corruptor x4  
  153  16:02  Corruptor x3  
  148  16:21  Hydralisk x8  
  148  16:22  Hydralisk  
  166  16:42  Zergling x18  
  166  16:43  Zergling x46  
Show
View Real Time Build Order
Export as new Build Order

TATORREA Protoss - Winner!

Build Orders:  

Get SALT Encoding   

  12  0:03  Probe  
  13  0:15  Probe  
  14  0:25  Pylon  
  14  0:27  Probe  
  15  0:43  Probe  
  16  0:50  Gateway  
  16  0:56  Probe  
  17  1:08  Probe  
  18  1:11  Assimilator  
  18  1:14  Pylon  
  18  1:19  Gateway  
  18  1:20  Probe  
  19  1:29  Assimilator  
  19  1:32  Probe  
  20  1:44  Probe  
  20  2:10  Probe (Chrono Boost)  
  23  2:15  Zealot  
  23  2:16  Zealot  
  23  2:20  Probe (Chrono Boost)  
  26  2:25  Probe (Chrono Boost)  
  27  2:37  Cybernetics Core  
  27  2:42  Probe (Chrono Boost)  
  28  2:46  Gateway  
  28  2:49  Gateway  
  28  2:54  Probe (Chrono Boost)  
  29  2:58  Probe (Chrono Boost)  
  30  3:09  Probe  
  31  3:16  Nexus  
  31  3:32  Warp Gate  
  31  3:43  Pylon  
  31  3:47  Pylon  
  31  3:57  Twilight Council  
  31  4:01  Stalker x2  
  31  4:02  Pylon  
  35  4:19  Probe  
  36  4:28  Probe  
  36  4:29  Stalker x2 (Chrono Boost)  
  36  4:31  Probe  
  42  4:40  Probe  
  42  4:44  Probe  
  44  4:51  Stalker x2  
  48  4:58  Probe  
  48  4:59  Probe  
  39  5:31  Probe (Chrono Boost)  
  39  5:32  Probe (Chrono Boost)  
  41  5:42  Charge (Chrono Boost)  
  41  5:43  Probe (Chrono Boost)  
  41  5:44  Probe (Chrono Boost)  
  41  5:49  Stalker  
  45  5:50  Stalker x3  
  45  5:52  Probe x2 (Chrono Boost)  
  53  5:57  Probe x2  
  55  6:09  Probe  
  55  6:10  Probe  
  52  6:24  Probe  
  52  6:25  Probe  
  54  6:32  Assimilator  
  54  6:33  Assimilator  
  54  6:35  Gateway  
  54  6:36  Probe, Gateway  
  54  6:37  Probe  
  56  6:49  Probe x2  
  58  6:55  Zealot x2  
  58  6:56  Zealot x2  
  66  7:15  Blink  
  66  7:26  Stalker x2  
  70  7:38  Pylon  
  70  7:44  Pylon  
  70  7:56  Probe (Chrono Boost)  
  70  7:57  Probe (Chrono Boost)  
  70  7:58  Pylon  
  72  8:02  Pylon  
  72  8:04  Zealot x2  
  77  8:07  Probe (Chrono Boost)  
  77  8:08  Probe (Chrono Boost)  
  77  8:12  Probe x2 (Chrono Boost)  
  80  8:22  Probe x2  
  80  8:24  Forge  
  82  8:28  Forge  
  82  8:34  Probe, Nexus  
  82  8:36  Stalker x2  
  82  8:37  Stalker, Pylon  
  82  8:40  Pylon  
  81  8:51  Probe x2  
  71  9:03  Probe x2  
  72  9:15  Probe x2 (Chrono Boost)  
  74  9:27  Probe (Chrono Boost)  
  74  9:28  Probe (Chrono Boost)  
  76  9:36  Probe (Chrono Boost)  
  76  9:37  Probe (Chrono Boost)  
  78  9:44  Protoss Ground Weapons Level 1 (Chrono Boost)  
  78  9:45  Probe  
  78  9:46  Probe  
  78  9:47  Probe  
  78  9:48  Protoss Shields Level 1 (Chrono Boost)  
  81  9:58  Probe x2  
  83  10:03  Probe  
  84  10:07  Zealot x2  
  84  10:10  Probe x2  
  90  10:15  Probe  
  91  10:22  Probe x2  
  91  10:27  Probe  
  94  10:29  Zealot  
  94  10:30  Zealot  
  94  10:33  Zealot  
  94  10:34  Probe x2  
  102  10:39  Probe  
  103  10:46  Probe x2  
  105  10:55  Robotics Facility  
  105  10:57  Templar Archives  
  105  10:58  Probe x2  
  105  10:59  Probe  
  108  11:08  Forge  
  108  11:19  Stalker x3  
  108  11:21  Stalker x2  
  117  11:25  Probe x2  
  117  11:26  Probe  
  117  11:30  Assimilator  
  113  11:34  Assimilator  
  113  11:37  Probe x2  
  71  12:07  Protoss Ground Weapons Level 2 (Chrono Boost), Protoss Ground Armor Level 1 (Chrono Boost)  
  71  12:08  Protoss Shields Level 2 (Chrono Boost)  
  67  12:10  Stalker x5  
  67  12:11  Stalker  
  79  12:17  Probe x2  
  79  12:18  Probe  
  82  12:28  Gateway  
  82  12:29  Probe  
  83  12:30  Gateway  
  83  12:33  Gateway  
  83  12:36  Gateway  
  83  12:37  Gateway  
  83  12:48  Probe x3  
  86  12:53  Nexus, Psionic Storm  
  86  12:56  Pylon  
  86  12:59  Pylon  
  86  13:00  Probe  
  87  13:06  High Templar x3  
  87  13:07  High Templar x3  
  99  13:25  Archon x2  
  99  13:26  Archon  
  99  13:34  Stalker x4  
  107  13:46  Probe  
  107  13:47  Probe x2, Assimilator  
  110  13:49  Assimilator  
  110  13:50  Gateway  
  110  13:52  High Templar x4  
  110  13:53  Gateway, High Templar x3  
  110  13:54  Gateway  
  124  13:57  Archon x3  
  124  13:59  Probe x3  
  127  14:07  Zealot x2  
  127  14:08  Zealot x2  
  135  14:11  Protoss Ground Armor Level 2  
  135  14:29  High Templar x4  
  135  14:30  High Templar x3  
  149  14:33  Archon x2  
  149  14:34  Archon  
  149  14:44  Archon  
  149  15:02  Probe  
  149  15:03  Probe x3  
  153  15:08  Stalker x5  
  97  15:43  Stalker x2  
  97  15:44  Stalker x4  
  97  15:45  Stalker x4  
  97  15:46  Stalker x4  
  109  16:07  Zealot  
  109  16:08  Zealot x3  
  113  16:16  Stalker x4  
  113  16:17  Stalker x2  
  113  16:18  Stalker x3  
  125  16:19  Stalker  
Tags
 
Add a new tag
Caveats
  • Supply blocks, unpowered buildings, or Contaminate may cause inaccurate times.
  • Supply counts are checked every 10 seconds.